AoeStats
← [KMNB] Bandeira

African Clearing

506875730Analyzed
2v2 RM · 18d ago on Sep 15, 2026· 68m 10s· 4 players
Game mode
Random Map
Map size
Medium (4 player)
Population
200
Speed
Normal
Resources
Standard
Victory
Conquest
Starting age
Dark Age
Ending age
Imperial Age
RankedLock teamsTeams togetherTeam positionsShared explorationLock speedFull tech treeHidden civsTurbo modeCheats
Victory
Defeat
🇧🇷 Magyars · Brazil
1528
+15
🇧🇷 Ethiopians · Brazil
1494
+17
🇫🇷 Cumans · France
1513
-16
🇫🇷 Huns · France
1512
-16
[KMNB] Bandeira
6:17 Loom
12:15 Feudal Age
13:00 Double-Bit Axe
16:35 Horse Collar
17:51 Scale Barding Armor
22:12 Bloodlines
30:11 Castle Age
28:13 Gold Mining
30:14 Light Cavalry
31:59 Chain Barding Armor
35:45 Husbandry
42:33 Wheelbarrow
47:13 Bow Saw
51:19 Imperial Age
50:23 Hand Cart
51:28 Cavalier
54:31 Two-Man Saw
53:33 Heavy Plow
54:02 Paladin
56:00 Hussar
[KMNB] Galodoido
11:59 Feudal Age
10:37 Loom
15:18 Fletching
20:47 Double-Bit Axe
23:28 Padded Archer Armor
29:24 Castle Age
27:39 Gold Mining
27:36 Horse Collar
29:26 Crossbowman
30:01 Bodkin Arrow
33:15 Ballistics
36:25 Bow Saw
37:02 Leather Archer Armor
39:25 Heavy Plow
42:35 Imperial Age
41:02 Gold Shaft Mining
42:50 Arbalester
43:31 Bracer
47:44 Royal Heirs
48:05 Conscription
47:56 Forging
48:06 Scale Mail Armor
49:11 Wheelbarrow
48:42 Squires
50:41 Chemistry
50:32 Ring Archer Armor
50:54 Elite Skirmisher
52:34 Iron Casting
53:10 Chain Mail Armor
52:43 Halberdier
53:58 Arson
55:14 Blast Furnace
54:44 Plate Mail Armor
56:05 Thumb Ring
58:12 Hand Cart
60:31 Plate Mail Armor
60:00 Town Watch
61:19 Two-Man Saw
61:58 Stone Mining
62:09 Town Patrol
64:05 Masonry
67:25 Elite Shotel Warrior
Templar
10:31 Loom
12:27 Feudal Age
13:21 Double-Bit Axe
17:49 Fletching
18:52 Padded Archer Armor
23:30 Horse Collar
30:53 Wheelbarrow
34:07 Castle Age
EhBahVoila
10:33 Loom
12:34 Feudal Age
13:13 Double-Bit Axe
14:54 Forging
15:31 Scale Barding Armor
21:48 Bloodlines
25:31 Castle Age
24:34 Gold Mining
24:36 Fletching
24:58 Horse Collar
25:22 Padded Archer Armor
26:10 Bodkin Arrow
26:50 Leather Archer Armor
26:37 Husbandry
27:15 Bow Saw
31:40 Heavy Plow
32:16 Gold Shaft Mining
32:50 Ballistics
35:11 Thumb Ring
37:34 Wheelbarrow
38:16 Stone Mining
40:22 Hand Cart
40:25 Town Watch
47:33 Imperial Age
47:29 Chain Barding Armor
47:45 Iron Casting
48:14 Bracer
48:42 Parthian Tactics
48:54 Plate Barding Armor
48:47 Heavy Cavalry Archer
52:59 Iron Casting
55:24 Chemistry
56:50 Blast Furnace
57:01 Conscription
56:01 Elite Tarkan
60:05 Masonry
62:43 Marauders
Connection lost

Rejoining the realm…

Still unreachable

The connection could not be restored.

Session expired

The server has moved on; the page needs a fresh start.